 Dungeon Crawl Stone Soup version 0.21.0-3-g78d12a8 (webtiles) character file.

1408 mortelune the Destroyer (level 8, 0/68 HPs)
             Began as a Yellow Draconian Conjurer on Jan 17, 2018.
             Was an Initiate of Vehumet.
             Slain by kegs's ghost (2 damage)
             ... on level 7 of the Dungeon.
             The game lasted 00:19:27 (9465 turns).

mortelune the Destroyer (Yellow Draconian Conjurer) Turns: 9465, Time: 00:19:28

Health: 0/68       AC:  8    Str: 11    XL:     8   Next: 42%
Magic:  0/15       EV: 12    Int: 17    God:    Vehumet [......]
Gold:   266        SH:  0    Dex: 12    Spells: 7/17 levels left

rFire    . . .     SeeInvis .   y - +0 whip (flame)
rCold    . . .     Gourm    .   (no shield)
rNeg     . . .     Faith    .   (armour unavailable)
rPois    .         Spirit   .   (helmet restricted)
rElec    .         Reflect  .   (no cloak)
rCorr    +         Harm     .   l - +0 pair of gloves
MR       .....                  g - +0 pair of boots
Stlth    ++........             (no amulet)
HPRegen  0.21/turn              (no ring)
MPRegen  0.14/turn              (no ring)

@: short of breath
A: spit acid, acid resistance, unfitting armour, cold-blooded, AC +6
a: Breathe Acid, Renounce Religion


You were on level 7 of the Dungeon.
You worshipped Vehumet.
Vehumet was noncommittal.
You were hungry.

You visited 2 branches of the dungeon, and saw 8 of its levels.

You collected 266 gold pieces.

Inventory:

Hand Weapons
 h - a +1 short sword of holy wrath
 y - a +0 whip of flaming (weapon)
 B - a +0 flail of crushing
Armour
 g - a +0 pair of boots (worn)
 l - a +0 pair of gloves (worn)
Jewellery
 q - a +3 ring of evasion {unknown}
Wands
 u - a wand of digging (8)
 A - a wand of iceblast (8)
Scrolls
 c - a scroll of magic mapping {unknown}
 d - 5 scrolls of remove curse
 e - a scroll of random uselessness {unknown}
 i - a scroll of fog
 j - a scroll of blinking {unknown}
 n - 2 scrolls of amnesia
 r - 3 scrolls of identify {unknown}
 t - a scroll of fear {unknown}
 v - 2 scrolls of enchant weapon {unknown}
Potions
 f - 3 potions of ambrosia
 k - a potion of invisibility {unknown}
 m - a potion of mutation {unknown}
 o - a potion of agility
 p - a potion of flight {unknown}
 s - a potion of might {unknown}
 w - a potion of heal wounds {unknown}
 x - a potion of curing {unknown}
 z - 2 potions of degeneration {unknown}
Books
 a - a book of Conjurations

   Spells                             Type                      Level
   a - Magic Dart                     Conjuration                  1
   b - Searing Ray                    Conjuration                  2
   c - Dazzling Spray                 Conjuration/Hexes            3
   d - Fulminant Prism                Conjuration/Hexes            4
   e - Force Lance                    Conjuration/Translocation    4
   f - Iskenderun's Mystic Blast      Conjuration                  4
Comestibles
 b - 10 rations


   Skills:
 + Level 5.0 Fighting
 - Level 1.7 Dodging
 - Level 1.7 Stealth
 + Level 5.1 Spellcasting
 * Level 8.6 Conjurations


You had 7 spell levels left.
You knew the following spells:

 Your Spells              Type           Power        Failure   Level  Hunger
a - Magic Dart            Conj           ####         1%          1    None
b - Searing Ray           Conj           ####..       1%          2    #......
c - Iskenderun's Mystic   Conj           ####....     3%          4    ####...
d - Dazzling Spray        Conj/Hex       ###...       7%          3    ###....


Dungeon Overview and Level Annotations

Branches:
Dungeon (7/15)             Temple (1/1) D:5

Altars:
Cheibriados
Dithmenos
Gozag
Hepliaklqana
Kikubaaqudgha
Makhleb
Nemelex Xobeh
Okawaru
Qazlal
Sif Muna
Trog
Uskayaw
Vehumet
Xom
Yredelemnul
Zin
The Shining One

Annotations:
D:7 kegs's ghost, novice HOFi


Innate Abilities, Weirdness & Mutations

You can spit globs of acid.
You are resistant to acid.
Your golden yellow scales are hard. (AC +6)
You cannot fit into any form of body armour.
You are cold-blooded and may be slowed by cold attacks.


Message History

Kegs's ghost is almost destroyed.
Kegs's ghost hits you!
* * * LOW HITPOINT WARNING * * *
Kegs's ghost burns you.
* * * LOW HITPOINT WARNING * * *
The searing ray misses kegs's ghost.
The searing ray hits the hound.
You kill the hound!
Vehumet accepts your kill.
You finish channeling your searing ray.
Kegs's ghost misses you.
Casting: Searing Ray
Confirm with . or Enter, or press ? or * to list all spells.
Aiming: Magic Dart
Press: ? - help, Shift-Dir - straight line, f/p - kegs's ghost
Aim: kegs's ghost, wielding a weapon of flaming (almost destroyed, covered in acid)
The magic dart hits kegs's ghost.
Kegs's ghost is almost destroyed.
Kegs's ghost hits you!
* * * LOW HITPOINT WARNING * * *
Kegs's ghost burns you.
You die...

### ## #<#
.. . #.#
####### .#
.. #.#
#....@# .#
..
#.####.###W#
.# .##.
#.#....#
#†##.#.....
#.#.####
#......h#
#...#
#.....%.#
#####
#.#####....
#.# .. #.#
#..


You could see kegs's ghost.

Vanquished Creatures
  Pikel (D:4)
  An orc warrior (D:6)
  3 ogres
  A bullfrog (D:5)
  A wyvern zombie (D:6)
  A scorpion (D:5)
  3 hounds
  3 orc wizards
  An iguana (D:5)
  2 worker ants
  5 adders
  An ooze (D:3)
  2 adder skeletons
  5 worms
  5 dart slugs
  4 leopard geckos
  12 orcs
  A giant cockroach (D:4)
  6 goblins
  5 hobgoblins
  8 jackals
  12 kobolds
  2 quokkas (D:4)
  12 bats
  7 frilled lizards
  A leopard gecko skeleton (D:4)
  8 rats (D:1)
113 creatures vanquished.

Vanquished Creatures (others)
  A leopard gecko zombie (D:6)
1 creature vanquished.

Grand Total: 114 creatures vanquished

Notes
Turn   | Place    | Note
-------+----------+-------------------------------------------
     0 | D:1      | mortelune the Draconian Conjurer began the quest for the Orb.
     0 | D:1      | Reached XP level 1. HP: 14/14 MP: 3/3
   411 | D:1      | Reached XP level 2. HP: 20/20 MP: 3/5
   415 | D:1      | Learned a level 2 spell: Searing Ray
  1628 | D:1      | Reached XP level 3. HP: 26/26 MP: 2/6
  2633 | D:2      | Reached skill level 5 in Conjurations
  2982 | D:2      | Found a sparkling altar of Nemelex Xobeh.
  3410 | D:2      | Found a stormy altar of Qazlal.
  3568 | D:2      | Reached XP level 4. HP: 27/33 MP: 3/8
  3574 | D:2      | Learned a level 4 spell: Iskenderun's Mystic Blast
  3761 | D:3      | Noticed an ogre
  3766 | D:3      | Killed an ogre
  3766 | D:3      | Reached skill level 1 in Fighting
  3766 | D:3      | Reached XP level 5. HP: 40/40 MP: 3/9
  4809 | D:3      | Found a shimmering altar of Xom.
  5144 | D:4      | Reached skill level 6 in Conjurations
  5487 | D:4      | Reached XP level 6. HP: 45/48 MP: 4/11
  6032 | D:5      | Entered Level 5 of the Dungeon
  6110 | D:5      | Found a staircase to the Ecumenical Temple.
  6119 | Temple   | Entered the Ecumenical Temple
  6205 | Temple   | Became a worshipper of Vehumet
  6806 | D:5      | Noticed Pikel
  6806 | D:5      | Noticed a slave
  6806 | D:5      | Noticed a slave
  6806 | D:5      | Noticed a slave
  6806 | D:5      | Noticed a slave
  6874 | D:4      | Killed Pikel
  6874 | D:4      | Reached skill level 7 in Conjurations
  6874 | D:4      | Your scales start taking on a golden yellow colour.
  6874 | D:4      | Reached XP level 7. HP: 44/59 MP: 1/13
  7225 | D:5      | Learned a level 3 spell: Dazzling Spray
  7545 | D:5      | Reached XP level 8. HP: 67/67 MP: 7/15
  7897 | D:5      | Reached skill level 8 in Conjurations
  8886 | D:6      | Reached skill level 5 in Spellcasting
  8972 | D:6      | Reached skill level 5 in Fighting
  9443 | D:7      | Noticed kegs's ghost (novice HOFi)
  9465 | D:7      | HP: 2/68 [kegs's ghost (16)]
  9465 | D:7      | Slain by kegs's ghost

Skill      XL: |  1  2  3  4  5  6  7  8 |
---------------+-------------------------+-----
Conjurations   | 5 6 7 8 |  8.6
Fighting       | 1 2 4 5 |  5.0
Spellcasting   | 3 4 5 |  5.1
Dodging        | |  1.7
Stealth        | |  1.7

Action                   |  1- 3 |  4- 6 |  7- 9 || total
-------------------------+-------+-------+-------++-------
Melee: Unarmed           |    13 |       |       ||    13
       Tailslap          |     4 |     1 |     2 ||     7
       Short sword       |    18 |     8 |       ||    26
       Whip              |       |       |    13 ||    13
 Cast: Magic Dart        |    68 |    78 |    31 ||   177
       Searing Ray       |     6 |    18 |    17 ||    41
       Iskenderun's Myst |       |       |     8 ||     8
       Dazzling Spray    |       |       |     2 ||     2
 Abil: Breathe Acid      |       |       |     2 ||     2
  Use: Scroll            |       |     4 |     1 ||     5
       Potion            |       |       |     2 ||     2
  Eat: Chunk             |     8 |     5 |     6 ||    19
       Ration            |       |     2 |     1 ||     3
Armor: Skin              |    19 |     8 |    15 ||    42
Dodge: Dodged            |    32 |    22 |    47 ||   101
